 Dungeon Crawl Stone Soup version 0.19.0-19-g8c6edcc (webtiles) character file.

174 Peloso the Skirmisher (level 5, -5/46 HPs)
             Began as a Ghoul Fighter on Nov 12, 2016.
             Slain by an ogre
             ... wielding a +0 giant spiked club
              (8 damage)
             ... on level 4 of the Dungeon.
             The game lasted 00:08:20 (2225 turns).

Peloso the Skirmisher (Ghoul Fighter)               Turns: 2225, Time: 00:08:21

Health: -5/46      AC: 11    Str: 20    XL:     5   Next: 54%
Magic:  4/4        EV:  5    Int:  3    God:
Gold:   162        SH:  9    Dex: 11    Spells: 0 memorised, 4 levels left

rFire  . . .     SeeInvis .     a - +0 long sword
rCold  + . .     Gourm    .     d - +0 chain mail
rNeg   + + +     Faith    .     c - +0 shield
rPois  ∞         Spirit   .     (no helmet)
rElec  .         Reflect  .     (no cloak)
rCorr  .         Harm     .     (no gloves)
MR     .....                    l - +1 pair of boots
Stlth  ..........               j - amulet of magic regeneration
                                w - +4 ring of slaying
                                t - +2 ring of dexterity

@: rotting
A: rotting body, claws 1, carnivore 3, cold resistance 1, negative energy
resistance 3, slow regeneration 1, torment resistance, unbreathing
a: no special abilities


You were on level 4 of the Dungeon.
You were not hungry.

You visited 1 branch of the dungeon, and saw 4 of its levels.

You collected 162 gold pieces.

Inventory:

Hand Weapons
 a - a +0 long sword (weapon)
Armour
 c - a +0 shield (worn)
 d - a +0 chain mail (worn)
 l - a +1 pair of boots (worn)
Jewellery
 j - an amulet of magic regeneration (around neck)
 t - a +2 ring of dexterity (left claw)
 w - a +4 ring of slaying (right claw)
Wands
 y - a wand of polymorph (24/24)
Scrolls
 b - a scroll of enchant weapon {unknown}
 g - 2 scrolls of recharging
 h - a scroll of enchant armour
 i - 2 scrolls of magic mapping
 m - a scroll of identify {unknown}
 o - a scroll of noise
 s - a scroll of remove curse
 v - a scroll of amnesia
 A - a scroll of fog {unknown}
Potions
 e - 2 potions of heal wounds {unknown}
 k - 2 potions of cure mutation {unknown}
 n - a potion of resistance {unknown}
 p - 2 potions of flight {unknown}
 q - a potion of ambrosia {unknown}
 u - a potion of haste {unknown}
 z - a potion of curing {unknown}
 B - a potion of lignification {unknown}
Comestibles
 f - 4 meat rations
 r - a slice of pizza


   Skills:
 + Level 4.0 Fighting
 + Level 3.0 Long Blades
 + Level 3.5 Armour
 + Level 1.0 Dodging
 + Level 3.5 Shields


You had 4 spell levels left.
You didn't know any spells.

Dungeon Overview and Level Annotations

Branches:
Dungeon (4/15)
 Temple: D:4-7

Altars:
Yredelemnul

Annotations:
D:4 Sigmund; bosm's ghost, amateur DsGl


Innate Abilities, Weirdness & Mutations

Your body is rotting away.
You thrive on raw meat.
You are immune to poison.
You have sharp fingernails.
You are carnivorous and can eat meat at any time.
Your flesh is cold resistant. (rC+)
You are immune to negative energy. (rN+++)
You regenerate slowly when monsters are visible.
You are immune to unholy pain and torment.
You can survive without breathing.


Message History

Found a scroll of remove curse.
An ogre comes into view. It is wielding a giant spiked club.
The ogre moves out of view.
Found a curved bronze wand.
The ogre hits you with a giant spiked club.
You see here 2 scrolls labeled FULLOOSIYWK.
You hit the ogre.
The ogre is moderately wounded.
The ogre hits you with a giant spiked club!
You hit the ogre.
The ogre is moderately wounded.
The ogre hits you with a giant spiked club.
You hit the ogre but do no damage.
The ogre is moderately wounded.
The ogre hits you with a giant spiked club!!
* * * LOW HITPOINT WARNING * * *
Your shield and chain mail prevent you from hitting the ogre.
The ogre is moderately wounded.
The ogre hits you with a giant spiked club!
You die...

### #.. #.#
#.# #?# ##.##
##.@.##
#.?O..#
#.../##
#.#.## #.###
#####.#
#...#.######
#.<..........
#...#.#######


You could see an ogre.

Vanquished Creatures
  An orc priest (D:3)
  An orc wizard (D:3)
  A gnoll (D:1)
  4 adders
  An adder skeleton (D:4)
  2 dart slugs
  2 leopard geckos (D:2)
  3 orcs (D:3)
  6 giant cockroaches
  7 goblins
  6 hobgoblins
  8 jackals
  A quokka (D:2)
  2 ball pythons
  6 bats
  A frilled lizard (D:3)
  5 kobolds
  8 rats
65 creatures vanquished.

Notes
Turn   | Place    | Note
-------+----------+-------------------------------------------
     0 | D:1      | Peloso the Ghoul Fighter began the quest for the Orb.
     0 | D:1      | Reached XP level 1. HP: 19/19 MP: 0/0
   135 | D:1      | Reached XP level 2. HP: 24/26 MP: 1/1
   600 | D:1      | Reached XP level 3. HP: 17/31 MP: 2/2
   672 | D:1      | You fall through a shaft!
   879 | D:2      | Found a basalt altar of Yredelemnul.
   894 | D:2      | Reached XP level 4. HP: 24/40 MP: 3/3
  1560 | D:3      | Reached skill level 1 in Dodging
  1615 | D:3      | Reached skill level 4 in Fighting
  1615 | D:3      | Reached XP level 5. HP: 44/46 MP: 4/4
  2092 | D:4      | Noticed Sigmund
  2096 | D:4      | Noticed bosm's ghost (amateur DsGl)
  2218 | D:4      | Noticed an ogre
  2225 | D:4      | Slain by an ogre

Skill      XL: |  1  2  3  4  5 |
---------------+----------------+-----
Shields        | 3 |  3.5
Long Blades    | 2 3 |  3.0
Armour         | 3 |  3.5
Dodging        | 1 |  1.0
Fighting       | 4 |  4.0

Action                   |  1- 3 |  4- 6 || total
-------------------------+-------+-------++-------
Melee: Long sword        |   120 |   122 ||   242
  Use: Potion            |       |     1 ||     1
       Scroll            |       |     8 ||     8
  Eat: Chunk             |     1 |    12 ||    13
Armor: Scale mail        |    60 |    41 ||   101
       Chain mail        |       |    33 ||    33
Dodge: Dodged            |    45 |    42 ||    87
Block: Shield            |    71 |    62 ||   133
       Rpst.: Long sword |    12 |     9 ||    21
